 Dungeon Crawl Stone Soup version 0.18.1-8-gdd0e5ea (webtiles) character file.

56 KrisztiCat the Digger (level 3, -14/19 HPs)
             Began as a Gargoyle Earth Elementalist on June 9, 2016.
             Demolished by a gnoll
             ... wielding a +0 halberd
              (15 damage)
             ... on level 2 of the Dungeon.
             The game lasted 00:12:10 (995 turns).

KrisztiCat the Digger (Gargoyle Earth Elementalist)  Turns: 995, Time: 00:12:11

Health: -14/19     AC:  5    Str: 11    XL:     3   Next: 97%
Magic:  7/7        EV:  7    Int: 16    God:
Gold:   63         SH:  0    Dex: 10    Spells: 2 memorised, 4 levels left

rFire  . . .     SeeInvis .     j - -1 dagger (curse)
rCold  . . .     Gourm    .     a - +0 robe
rNeg   + . .     Faith    .     (no shield)
rPois  ∞         Spirit   .     (no helmet)
rElec  +         Dismiss  .     (no cloak)
rCorr  .         Reflect  .     (no gloves)
SustAt .         Harm     .     (no boots)
MR     .....                    (no amulet)
Stlth  +.........               (no ring)
                                l - ring of loudness (curse)

@: not resistant to hostile enchantments, very unstealthy
A: negative energy resistance 1, electricity resistance, unbreathing,
petrification resistance, rot immunity, AC +3
a: no special abilities


You were on level 2 of the Dungeon.
You were not hungry.

You visited 1 branch of the dungeon, and saw 3 of its levels.

You collected 63 gold pieces.

Inventory:

Hand Weapons
 h - a +1 dagger
 j - a cursed -1 dagger (weapon)
Missiles
 b - 77 stones (quivered)
Armour
 a - a +0 robe (worn)
Jewellery
 l - a cursed ring of loudness (left hand)
Scrolls
 e - 2 scrolls of identify
Potions
 g - a potion of agility {unknown}
 i - 2 potions of resistance
 k - a potion of flight {unknown}
Books
 c - a book of Geomancy

   Spells                             Type                      Level
   a - Sandblast                      Earth                        1
   b - Passwall                       Transmutation/Earth          2
   c - Stone Arrow                    Conjuration/Earth            3
   d - Petrify                        Transmutation/Earth          4
   e - Lee's Rapid Deconstruction     Earth                        5
Comestibles
 d - a bread ration
 f - 3 chunks of flesh


   Skills:
 - Level 1.5 Dodging
 - Level 2.1 Stealth
 * Level 3.1 Spellcasting
   Level 0.7 Transmutations
 + Level 4.6 Earth Magic


You had 4 spell levels left.
You knew the following spells:

 Your Spells              Type           Power        Failure   Level  Hunger
a - Sandblast             Erth           ###...       3%          1    None
b - Stone Arrow           Conj/Erth      #.....       21%         3    ###....


Dungeon Overview and Level Annotations

Branches:
Dungeon (3/15)

Altars:


Innate Abilities, Weirdness & Mutations

You are resistant to torment.
Your stone body is resilient (AC +3).
You are immune to poison.
You resist negative energy.
You are resistant to electric shocks.
You can survive without breathing.
You are immune to petrification.
You are immune to rotting.


Message History

Press: ? - help, Shift-Dir - straight line, f - giant newt
Aim: a giant newt The blast of sand hits the giant newt.
You kill the giant newt!
Found a dagger.
b - 77 stones (gained 17)
You see here a giant newt corpse.
You butcher the giant newt corpse.
f - 3 chunks of flesh (gained 1)
There is a stone staircase leading up here.
You climb upwards.
The gnoll hits you with a halberd. The gnoll hits you with a halberd!
Ouch! That really hurt!
* * * LOW HITPOINT WARNING * * *
There is a stone staircase leading down here.
Magic restored.
The gnoll hits you with a halberd.
* * * LOW HITPOINT WARNING * * *
The gnoll hits you with a halberd!
Ouch! That really hurt!
You die...

#...###############.#
.##.###........# #.#?#
.##...#........####.#.###.#
...##.#............(......#
##.##.#.............#.#####
#.##.#.............#.#
#.##.#........#....#$#
#....'.........g.....#
#..#.#........g@...###
....#.#.............#
###.#.#.............#
#.#.#........#......
#.#..........###......
#.#..........# ....##
#.#..........# ....+ .....
#...#


You could see 2 gnolls.

Vanquished Creatures
  A gnoll (D:2)
  An ooze (D:2)
  A worm (D:2)
  3 dart slugs
  2 ball pythons (D:1)
  5 bats
  2 giant cockroaches (D:1)
  5 goblins (D:1)
  5 hobgoblins (D:1)
  A giant newt (D:3)
  4 kobolds
  A rat (D:1)
31 creatures vanquished.

Notes
Turn   | Place    | Note
--------------------------------------------------------------
     0 | D:1      | KrisztiCat the Gargoyle Earth Elementalist began the quest for the Orb.
     0 | D:1      | Reached XP level 1. HP: 10/10 MP: 3/3
    81 | D:1      | Reached XP level 2. HP: 15/15 MP: 0/5
   212 | D:1      | Reached skill level 4 in Earth Magic
   460 | D:1      | Reached XP level 3. HP: 19/19 MP: 2/7
   944 | D:2      | Learned a level 3 spell: Stone Arrow
   995 | D:2      | Demolished by a gnoll

Skill      XL: |  1  2  3 |
---------------+----------+-----
Earth Magic    | 4 |  4.6
Spellcasting   | 3 |  3.1
Dodging        | |  1.5
Stealth        | |  2.1
Transmutations | |  0.7

Action                   || total
-------------------------++-------
Melee: Dagger            ||    11
 Cast: Sandblast         ||    63
  Use: Scroll            ||     3
  Eat: Chunk             ||     1
Armor: Robe              ||    23
Dodge: Dodged            ||    37
